 Dungeon Crawl Stone Soup version 0.19.4-8-ga85b6b9 (webtiles) character file.

324665 polly the Executioner (level 20, 0/203 HPs)
             Began as a Minotaur Fighter on Feb 12, 2017.
             Was the Champion of Okawaru.
             Splashed by an acid blob's acid (8 damage)
             ... on level 4 of the Pits of Slime.
             The game lasted 02:11:28 (44713 turns).

polly the Executioner (Minotaur Fighter)           Turns: 44713, Time: 02:11:29

Health: 0/203      AC: 15    Str: 36    XL:     20   Next: 72%
Magic:  20/20      EV: 21    Int:  3    God:    Okawaru [******]
Gold:   2750       SH: 10    Dex: 22    Spells: 0 memorised, 19 levels left

rFire  + . .     SeeInvis .     i - +7 hand axe of polly's Action {pain, Str+4}
rCold  . . .     Gourm    .     t - +1 pearl dragon scales of Satisfaction {rN+ Str+4}
rNeg   + . .     Faith    +     y - +0 buckler of Dithmenos's Delight {Regen+ Dex+2 Stlth+}
rPois  .         Spirit   .     (helmet restricted)
rElec  +         Reflect  .     B - +2 cloak of Dramatic Exits {rElec rF+ Dex+5}
rCorr  +         Harm     .     L - +0 pair of gloves {Str+3}
MR     +....     Rnd*Rage +     b - +1 pair of boots {run}
Stlth  +......... Rnd*Tele +    h - amulet of faith
                                W - ring of resist corrosion
                                S - +5 ring of slaying

@: corroded, contaminated, glowing, quick
A: retaliatory headbutt, fangs 1, horns 2, rugged brown scales 1, thin skeletal
structure 1, berserk 1, blurry vision 2, deterioration 1, dopey 1, electricity
resistance, teleportitis 1, weak 1, no device heal 1
a: Heroism, Finesse, Renounce Religion
}: 2/15 runes: serpentine, barnacled


You were on level 4 of the Pits of Slime.
You worshipped Okawaru.
Okawaru was exalted by your worship.
You were not hungry.

You visited 8 branches of the dungeon, and saw 40 of its levels.
You visited 1 bazaar.
You also visited: Bailey, Ice Cave and Volcano.

You collected 4242 gold pieces.
You spent 1492 gold pieces at shops.

Inventory:

Hand Weapons
 i - the +7 hand axe of polly's Action (weapon) {pain, Str+4}
   (Okawaru gifted it to you on level 3 of the Pits of Slime)

   In the hands of one skilled in necromantic magic, it inflicts extra damage on
   living creatures.
   It affects your strength (+4).
 P - the +7 broad axe of Hadiarah {venom, rElec Str+2}
   (Okawaru gifted it to you on level 5 of the Lair of Beasts)

   It poisons the flesh of those it strikes.
   It affects your strength (+2).
   It insulates you from electricity.
Missiles
 a - 37 tomahawks of returning (quivered)
Armour
 b - a +1 pair of boots of running (worn)
 o - a +1 hat of magic resistance
 t - the +1 pearl dragon scales of Satisfaction (worn) {rN+ Str+4}
   (Okawaru gifted it to you on level 14 of the Dungeon)

   It affects your strength (+4).
   It protects you from negative energy.
 y - the +0 buckler of Dithmenos's Delight (worn) {Regen+ Dex+2 Stlth+}
   (You bought it in a shop in a bazaar)

   It affects your dexterity (+2).
   It increases your rate of regeneration.
   It makes you more stealthy.
 B - the +2 cloak of Dramatic Exits (worn) {rElec rF+ Dex+5}
   (You found it on level 3 of the Elven Halls)

   It affects your dexterity (+5).
   It protects you from fire.
   It insulates you from electricity.
 L - a +0 pair of gloves of strength (worn)
Jewellery
 d - the ring "Kathro" {Ice +Blink}
   (You took it off a deep elf mage on level 3 of the Elven Halls)

   [ring of ice]

   It enhances your ice magic.
   It makes you vulnerable to fire.
   It protects you from cold.
   It lets you blink.
 h - an amulet of faith (around neck)
 w - an uncursed ring of flight
 F - an uncursed amulet of regeneration
 M - the ring "Wattanairr" {rPois MR+ Str+4 Int+2 Dex-2}
   (You found it on level 6 of the Lair of Beasts)

   [ring of poison resistance]

   It affects your strength (+4).
   It affects your intelligence (+2).
   It affects your dexterity (-2).
   It protects you from poison.
   It affects your resistance to hostile enchantments.
 O - an uncursed ring of see invisible
 S - a +5 ring of slaying (left hand)
 W - a ring of resist corrosion (right hand)
Wands
 c - a wand of digging (15/24)
Scrolls
 k - a scroll of fog
 l - 5 scrolls of immolation
 m - 4 scrolls of recharging
 p - 12 scrolls of remove curse
 q - 5 scrolls of enchant armour
 r - a scroll of amnesia
 s - a scroll of silence
 z - 4 scrolls of fear
 A - 12 scrolls of teleportation
 D - 4 scrolls of brand weapon
 H - 3 scrolls of magic mapping
 K - a scroll of summoning
 N - 4 scrolls of enchant weapon
 R - 5 scrolls of holy word
 V - 6 scrolls of identify
Potions
 e - 4 potions of brilliance
 j - 4 potions of haste
 n - 3 potions of might
 C - 3 potions of cure mutation
 E - 6 potions of curing
 I - 2 potions of resistance
 J - 3 potions of agility
 Q - 2 potions of cancellation
 T - a potion of ambrosia
 Y - a potion of beneficial mutation
Miscellaneous
 x - a phantom mirror
Comestibles
 f - 21 bread rations
 g - 12 fruits
 u - 24 beef jerkies
 v - 3 royal jellies
 X - 11 meat rations
 Z - 8 slices of pizza


   Skills:
 + Level 21.1 Fighting
 + Level 22.8 Axes
 + Level 5.3 Throwing
 + Level 15.6 Armour
 + Level 11.9 Dodging
 - Level 2.2 Stealth
 + Level 21.2 Shields
 + Level 2.4 Invocations
 + Level 1.4 Evocations


You had 19 spell levels left.
You didn't know any spells.

Dungeon Overview and Level Annotations

Branches:
Dungeon (15/15)            Temple (1/1) D:6            Lair (6/6) D:11
 Shoals (4/4) Lair:4        Snake (4/4) Lair:3        Slime (5/5) Lair:6
    Orc (2/2) D:12            Elf (3/3) Orc:2        Vaults (0/5) D:14
 Depths (0/5) D:15

Altars:
Ashenzari
Cheibriados
Dithmenos
Elyvilon
Fedhas
Gozag
Hepliaklqana
Kikubaaqudgha
Makhleb
Nemelex Xobeh
Okawaru
Qazlal
Ru
Sif Muna
Trog
Uskayaw
Vehumet
Xom
Yredelemnul
Zin
The Shining One
Jiyva

Shops:
D:6 [   D:11 }   D:15 *   Orc:2 *[}(%   Elf:3 (   Shoals:2 =   Snake:2 [

Annotations:
D:12 Maurice
Slime:5 Royal Jelly


Innate Abilities, Weirdness & Mutations

You reflexively headbutt those who attack you in melee.
You have a pair of horns on your head.
You have very sharp teeth.
You are partially covered in rugged brown scales. (AC +1, +3% HP)
You have a somewhat thin skeletal structure. (Dex +2, Stealth)
You tend to lose your temper in combat.
Scrolls take you longer to read.
Your body sometimes deteriorates upon taking damage.
You are dopey. (Int -2)
You are resistant to electric shocks. (rElec)
You are occasionally teleported next to monsters.
You are weak. (Str -2)
Potions and wands are less effective at restoring your health.


Message History

* * * LOW HITPOINT WARNING * * *
You are splashed with acid!
The acid burns!
You resist.
* * * LOW HITPOINT WARNING * * *
There is a stone staircase leading down here.
Your system partially rejects the healing.
You feel better.
Your body shudders with the violent release of wild energies!
You feel weaker.
Really read with blurry vision while enemies are nearby?
The acid blob spits acid at you. The splash of acid hits you! You resist.
* * * LOW HITPOINT WARNING * * *
The acid corrodes you!
You are splashed with acid!
The acid burns!
You resist.
* * * LOW HITPOINT WARNING * * *
You begin reading the scroll.
You continue reading the scroll.
The acid blob spits acid at you. The splash of acid hits you! You resist.
* * * LOW HITPOINT WARNING * * *
You are splashed with acid!
The acid burns!
You resist.
You die...

#..# ##....#....
#...####..........
##..#.#...........#
#.........^......#
#......#........#
#......#.......#
...#...J.........##
#....@......#...#
.................#
.................#
...#............##
................#
.....<.....##...#
...<.....#..#...#
.................#
........#....#


You could see an acid blob.

Vanquished Creatures
  Vashnia (Snake:3)
  Saint Roka (Snake:2)
  An Ice Fiend (IceCv)
  3 deep elf blademasters
  2 deep elf master archers (Elf:3)
  6 acid blobs
  Ilsuiw (Shoals:3)
  Kirke (D:12)
  7 nagarajas (Snake:4)
  Donald (Shoals:3)
  5 deep elf sorcerers
  3 azure jellies
  An orc warlord (Orc:2)
  Aizul (Snake:2)
  3 deep elf elementalists (Elf:3)
  A stone giant (Shoals:3)
  A large abomination (Elf:3)
  10 deep elf demonologists
  Nessos (Lair:4)
  8 deep elf annihilators
  An ettin (Orc:2)
  The ghost of Sneeker134 the Brawler, a journeyman TrMo of Qazlal (Lair:4)
  4 merfolk javelineers (Shoals:4)
  3 deep elf death magi
  7 ogre magi
  A great orb of eyes (Slime:5)
  4 merfolk impalers (Shoals:4)
  A fire dragon (Lair:6)
  4 deep elf high priests
  4 vault guards (D:14)
  4 hydras
  A catoblepas (D:13)
  8 anacondas
  20 naga warriors
  2 merfolk avatars
  2 centaur warriors
  4 satyrs
  3 merfolk aquamancers (Shoals:4)
  31 dancing weapons
  2 tengu warriors
  A queen ant (D:9)
  7 death yaks
  An orc high priest (Elf:1)
  16 deep elf knights
  9 shock serpents
  The ghost of ddubois the Martial Artist, a novice OpMo (D:8)
  16 naga sharpshooters
  5 salamander mystics
  4 skeletal warriors (D:14)
  8 sea snakes
  A glowing orange brain (Slime:3)
  A wizard (D:15)
  5 unseen horrors
  3 orc knights
  An orange crystal statue (D:15)
  9 naga ritualists
  15 deep elf archers
  The ghost of JeffiDaFish the Sneak, a novice GrVM (Bailey)
  6 hill giants
  2 lindwurms (Volcano)
  2 necromancers
  11 mana vipers
  7 harpies
  20 manticores
  13 fauns
  20 salamanders
  6 orc sorcerers
  47 deep elf magi
  12 ugly things
  2 shining eyes
  12 cyclopes
  36 slime creatures
  32 black mambas
  5 elephants (Lair:3)
  The ghost of aty692 the Ruffian, a novice TrFi (D:6)
  4 guardian serpents
  An elephant (shapeshifter) (D:15)
  An ice statue (IceCv)
  19 sirens
  4 molten gargoyles (Volcano)
  6 water nymphs
  Psyche (D:9)
  34 naga magi
  2 gargoyles (D:14)
  5 spiny frogs
  4 centaur skeletons
  7 rime drakes
  12 komodo dragons
  4 efreet
  6 ice devils (IceCv)
  A yaktaur (D:14)
  3 anaconda simulacra (IceCv)
  2 tengu conjurers
  3 golden dragon simulacra (IceCv)
  A yaktaur (shapeshifter) (D:12)
  8 freezing wraiths
  A harpy zombie (D:15)
  3 meliai (D:12)
  5 trolls
  8 polar bears (Lair:6)
  3 wind drakes
  A queen bee (D:12)
  15 two-headed ogres
  5 snapping turtles
  20 merfolk
  4 raiju (Lair:6)
  16 hippogriffs
  16 blink frogs
  11 dream sheep
  3 centaur simulacra
  2 air elementals
  2 wraiths
  2 shadows (D:15)
  2 vampires (D:15)
  5 water elementals
  27 yaks
  5 hogs
  Eustachio (D:4)
  8 fire elementals
  2 dire elephant simulacra (IceCv)
  2 humans
  14 wyverns
  9 basilisks
  6 golden eyes
  9 vampire mosquitoes
  3 steam dragons (Lair:6)
  6 hungry ghosts
  8 wargs
  39 nagas
  An iron troll simulacrum (IceCv)
  6 soldier ants (D:9)
  5 mottled dragons
  2 hydra simulacra (IceCv)
  5 harpy simulacra (IceCv)
  15 water moccasins
  5 hell hounds
  7 porcupines
  28 orc warriors
  5 sky beasts
  A hornet zombie (D:8)
  33 ogres
  2 swamp drakes
  3 eyes of draining
  4 ice beasts
  3 phantoms
  3 ettin simulacra (IceCv)
  16 black bears
  A necrophage (D:12)
  11 wolves
  17 centaurs
  12 crocodiles
  A big kobold (D:12)
  Blork the orc (D:5)
  10 bullfrogs
  A gnoll sergeant (D:11)
  3 earth elementals
  3 scorpions
  A water moccasin skeleton (D:4)
  33 killer bees
  8 wights
  3 electric eels (D:10)
  4 howler monkeys
  8 crimson imps
  A quasit (D:5)
  5 centaur zombies
  2 draconian simulacra (IceCv)
  2 bullfrog zombies
  18 hounds
  5 jellies
  26 orc priests
  A bullfrog skeleton (D:7)
  6 iguanas
  16 orc wizards
  41 worker ants
  4 polar bear simulacra
  6 troll simulacra (IceCv)
  2 wolf simulacra (Lair:5)
  A spriggan simulacrum (IceCv)
  3 yak simulacra (Lair:5)
  A hound zombie (D:6)
  A hound skeleton (D:4)
  A mummy (D:9)
  A howler monkey skeleton (D:10)
  7 gnolls
  8 adders
  3 ogre simulacra (IceCv)
  A naga simulacrum (IceCv)
  11 shadow imps
  4 white imps (IceCv)
  7 ufetubi (IceCv)
  An adder skeleton (D:6)
  3 worms
  2 dart slugs
  4 leopard geckos
  90 orcs
  A giant cockroach (D:2)
  8 goblins
  6 hobgoblins
  8 jackals
  7 quokkas
  3 ball pythons (D:3)
  10 bats
  2 frilled lizards
  A jackal zombie (D:7)
  26 kobolds
  2 leopard gecko skeletons
  A quokka zombie (D:6)
  7 rats
  4 river rat simulacra (Lair:5)
  A spectral orc (D:2)
  A fire vortex (Lair:5)
  5 fungi
  15 plants
1547 creatures vanquished.

Vanquished Creatures (others)
  A naga ritualist (Snake:4)
  A hog (D:13)
  A naga (Snake:4)
  An earth elemental (Volcano)
  A hobgoblin (Bailey)
  5 fungi
  11 plants
21 creatures vanquished.

Grand Total: 1568 creatures vanquished

Notes
Turn   | Place    | Note
-------+----------+-------------------------------------------
     0 | D:1      | polly the Minotaur Fighter began the quest for the Orb.
     0 | D:1      | Reached XP level 1. HP: 19/19 MP: 0/0
   429 | D:1      | Reached XP level 2. HP: 27/27 MP: 1/1
  1065 | D:2      | Reached XP level 3. HP: 33/33 MP: 2/2
  1214 | D:2      | Found a basalt altar of Yredelemnul.
  1587 | D:3      | Noticed a bullfrog
  1596 | D:3      | Killed a bullfrog
  1596 | D:3      | Reached skill level 3 in Axes
  1596 | D:3      | Reached XP level 4. HP: 39/41 MP: 3/3
  1892 | D:4      | Reached skill level 4 in Axes
  1892 | D:4      | Reached XP level 5. HP: 47/47 MP: 4/4
  1895 | D:4      | Noticed Eustachio
  1897 | D:4      | Noticed an ogre
  1914 | D:4      | Killed an ogre
  1914 | D:4      | Reached skill level 5 in Axes
  1914 | D:4      | Reached skill level 1 in Dodging
  1919 | D:4      | Reached XP level 6. HP: 23/53 MP: 5/5
  2006 | D:4      | Killed Eustachio
  2006 | D:4      | Reached skill level 5 in Fighting
  2006 | D:4      | Reached skill level 5 in Shields
  2225 | D:4      | Reached skill level 6 in Axes
  2227 | D:4      | Reached XP level 7. HP: 61/61 MP: 6/6
  2450 | D:4      | Reached skill level 5 in Armour
  2759 | D:5      | Entered Level 5 of the Dungeon
  2803 | D:5      | Reached skill level 7 in Axes
  2862 | D:5      | Reached XP level 8. HP: 39/70 MP: 7/7
  2967 | D:5      | Noticed Blork the orc
  2973 | D:5      | Killed Blork the orc
  3025 | D:5      | Found an opulent altar of Gozag.
  3025 | D:5      | Found a hide-covered altar of Uskayaw.
  3026 | D:5      | Found a deep blue altar of Sif Muna.
  3026 | D:5      | Found a glowing silver altar of Zin.
  3272 | D:6      | Found Baewimew's Armour Boutique.
  3385 | D:6      | Found a staircase to the Ecumenical Temple.
  3396 | D:6      | Noticed aty692's ghost (novice TrFi)
  3409 | D:6      | Killed aty692's ghost
  3409 | D:6      | Reached skill level 8 in Axes
  3418 | Temple   | Entered the Ecumenical Temple
  3487 | Temple   | Became a worshipper of Warmaster Okawaru
  3621 | D:6      | Found an ancient bone altar of Kikubaaqudgha.
  3695 | D:6      | Reached skill level 9 in Axes
  3776 | D:6      | Reached XP level 9. HP: 70/78 MP: 8/8
  3865 | D:6      | Reached * piety under Okawaru
  4047 | D:6      | Found a burning altar of Makhleb.
  4047 | D:6      | Found a shimmering altar of Xom.
  4121 | D:7      | Found a hazy altar of Hepliaklqana.
  4211 | D:7      | Found a stormy altar of Qazlal.
  4459 | D:7      | Reached skill level 10 in Axes
  5184 | D:8      | Noticed ddubois's ghost (novice OpMo)
  5447 | D:8      | Killed ddubois's ghost
  5447 | D:8      | Reached ** piety under Okawaru
  5480 | D:8      | Reached skill level 11 in Axes
  5506 | D:8      | Found a basalt altar of Yredelemnul.
  5523 | D:8      | Reached XP level 10. HP: 87/88 MP: 9/9
  5684 | D:8      | Gained mutation: You have an increased reservoir of magic. (+10% MP) [mutagenic meat]
  5685 | D:8      | Gained mutation: You are partially covered in rugged brown scales. (AC +1, +3% HP) [mutagenic meat]
  5686 | D:8      | Gained mutation: You are resistant to electric shocks. (rElec) [mutagenic meat]
  5825 | D:8      | Reached *** piety under Okawaru
  6246 | D:9      | Found a snail-covered altar of Cheibriados.
  6287 | D:9      | Noticed Psyche
  6304 | D:9      | Killed Psyche
  6423 | D:9      | Noticed a queen ant
  6444 | D:9      | Killed a queen ant
  6444 | D:9      | Reached **** piety under Okawaru
  6444 | D:9      | Reached skill level 12 in Axes
  6444 | D:9      | Reached skill level 1 in Stealth
  6486 | D:9      | Reached skill level 5 in Dodging
  7159 | D:10     | Entered Level 10 of the Dungeon
  7167 | D:10     | Noticed a hill giant
  7173 | D:10     | Killed a hill giant
  7173 | D:10     | Reached ***** piety under Okawaru
  7173 | D:10     | Reached XP level 11. HP: 72/99 MP: 11/11
  7592 | D:10     | Noticed a hill giant
  7615 | D:10     | Killed a hill giant
  7615 | D:10     | Reached skill level 13 in Axes
  7862 | D:10     | Killed an unseen horror
  7996 | D:11     | Found a burning altar of Makhleb.
  7996 | D:11     | Noticed an Executioner
  8202 | D:11     | Killed an unseen horror
  8202 | D:11     | Received a gift from Okawaru
  8227 | D:11     | Found a flagged portal.
  8258 | Bailey   | Entered a bailey
  8318 | Bailey   | Noticed JeffiDaFish's ghost (novice GrVM)
  8342 | Bailey   | Killed JeffiDaFish's ghost
  8384 | Bailey   | Reached skill level 10 in Shields
  9497 | D:6      | Bought a +3 plate armour of fire resistance for 540 gold pieces
  9621 | D:10     | Reached skill level 10 in Fighting
  9651 | D:10     | Found a blossoming altar of Fedhas.
 10007 | D:11     | Killed an unseen horror
 10007 | D:11     | Reached ****** piety under Okawaru
 10007 | D:11     | Reached skill level 14 in Axes
 10048 | D:11     | Received a gift from Okawaru
 10062 | D:11     | Identified a +1 pair of boots of running (Okawaru gifted it to you on level 11 of the Dungeon)
 10375 | D:11     | Noticed a hill giant
 10381 | D:11     | Killed a hill giant
 10747 | D:11     | Reached skill level 10 in Armour
 10753 | D:11     | Found Utza's Gadget Shop.
 10809 | D:11     | Reached XP level 12. HP: 107/110 MP: 12/12
 10950 | D:11     | Noticed a centaur warrior
 10960 | D:11     | Killed a centaur warrior
 11190 | D:11     | Found a staircase to the Lair.
 11348 | D:12     | Found a staircase to the Orcish Mines.
 11749 | D:12     | Reached skill level 15 in Axes
 12326 | D:12     | Noticed a centaur warrior
 12341 | D:12     | Killed a centaur warrior
 12341 | D:12     | Received a gift from Okawaru
 12688 | D:12     | Received a gift from Okawaru
 13237 | D:13     | Reached skill level 1 in Throwing
 13444 | D:13     | Noticed a catoblepas
 13484 | D:13     | Killed a catoblepas
 13826 | D:13     | Received a gift from Okawaru
 13829 | D:13     | Got a bloodstained war axe {god gift}
 13832 | D:13     | Identified the +0 war axe "Apruv" {drain, rElec rF+ Int+3 Stlth+} (Okawaru gifted it to you on level 13 of the Dungeon)
 13845 | D:13     | Noticed a tengu warrior
 14139 | D:12     | Reached skill level 16 in Axes
 14142 | D:13     | Noticed Maurice
 14158 | D:12     | Killed a tengu warrior
 14158 | D:12     | Reached XP level 13. HP: 95/120 MP: 13/13
 14249 | D:13     | Noticed Kirke
 15057 | D:12     | Killed Kirke
 16125 | D:14     | Received a gift from Okawaru
 16858 | D:14     | Found a gate to the Vaults.
 16878 | D:14     | Reached skill level 17 in Axes
 16915 | D:14     | HP: 2/121 [titanic slime creature (89)]
 17278 | D:14     | Received a gift from Okawaru
 17295 | D:14     | Got heavily runed pearl dragon scales {god gift}
 17310 | D:14     | Identified the +1 pearl dragon scales of Satisfaction {rN+ Str+4} (Okawaru gifted it to you on level 14 of the Dungeon)
 17474 | D:14     | Reached skill level 1 in Invocations
 18240 | D:15     | Entered Level 15 of the Dungeon
 19132 | D:15     | Reached XP level 14. HP: 119/130 MP: 15/15
 19355 | D:15     | Received a gift from Okawaru
 19536 | D:15     | Reached skill level 1 in Evocations
 19583 | D:15     | Received a gift from Okawaru
 19586 | D:15     | Got a crude hand axe {god gift}
 19587 | D:15     | Identified the +7 hand axe of Duty {flame, rC+ MR+} (Okawaru gifted it to you on level 15 of the Dungeon)
 19757 | D:15     | Reached skill level 18 in Axes
 20118 | D:15     | Found Oschefupn's Assorted Antiques.
 20255 | D:15     | Found a staircase to the Depths.
 20449 | D:15     | Received a gift from Okawaru
 20599 | D:15     | Received a gift from Okawaru
 20754 | Lair:1   | Entered Level 1 of the Lair of Beasts
 20829 | Orc:1    | Entered Level 1 of the Orcish Mines
 22848 | Lair:3   | Found a staircase to the Snake Pit.
 23162 | Lair:4   | Noticed Nessos
 23171 | Lair:4   | Killed Nessos
 23249 | Lair:4   | Noticed Sneeker134's ghost (journeyman TrMo)
 23263 | Lair:4   | Killed Sneeker134's ghost
 23417 | Lair:4   | Found a staircase to the Shoals.
 23939 | Lair:5   | Reached XP level 15. HP: 126/141 MP: 16/16
 23957 | Lair:5   | Received a gift from Okawaru
 24109 | Lair:5   | Received a gift from Okawaru
 24132 | Lair:5   | Got a faintly glowing broad axe {god gift}
 24142 | Lair:5   | Identified the +7 broad axe of Hadiarah {venom, rElec Str+2} (Okawaru gifted it to you on level 5 of the Lair of Beasts)
 24234 | Lair:5   | Found a dark tunnel.
 24244 | Volcano  | Entered a volcano
 25288 | Lair:5   | Received a gift from Okawaru
 25302 | Lair:5   | Received a gift from Okawaru
 25528 | Lair:6   | Entered Level 6 of the Lair of Beasts
 25666 | Lair:6   | Reached skill level 15 in Shields
 25713 | Lair:6   | Reached skill level 19 in Axes
 25730 | Lair:6   | Got a flickering bronze ring
 25850 | Lair:6   | Received a gift from Okawaru
 25853 | Lair:6   | Got a distressingly furry cloak {god gift}
 25859 | Lair:6   | Identified the +0 cloak "Plog" {*Corrode rElec rC+ MR+} (Okawaru gifted it to you on level 6 of the Lair of Beasts)
 26655 | Lair:6   | Found a staircase to the Slime Pits.
 26666 | Lair:6   | Found a viscous altar of Jiyva.
 26687 | Lair:6   | Noticed an acid blob
 26693 | Lair:6   | Killed an acid blob
 27101 | D:12     | Identified the ring "Wattanairr" {rPois MR+ Str+4 Int+2 Dex-2} (You found it on level 6 of the Lair of Beasts)
 27347 | Orc:2    | Entered Level 2 of the Orcish Mines
 27347 | Orc:2    | Found a staircase to the Elven Halls.
 27351 | Orc:2    | Noticed an orc warlord
 27373 | Orc:2    | Killed an orc warlord
 27412 | Orc:2    | Found Vinida's Food Shoppe.
 27434 | Orc:2    | Reached skill level 15 in Fighting
 27468 | Orc:2    | Reached XP level 16. HP: 132/153 MP: 17/17
 27491 | Orc:2    | Received a gift from Okawaru
 27870 | Orc:2    | Found Icuagg's Gadget Boutique.
 27870 | Orc:2    | Found Impu Ifo's General Store.
 27871 | Orc:2    | Found Vilitef's Weapon Emporium.
 27871 | Orc:2    | Found Celiw's Armour Boutique.
 27953 | Elf:1    | Entered Level 1 of the Elven Halls
 27972 | Elf:1    | Found a radiant altar of Vehumet.
 28092 | Elf:1    | Gained mutation: You are dopey. (Int -2) [a neqoxec]
 28544 | Elf:1    | Received a gift from Okawaru
 29016 | Elf:2    | Noticed a Tzitzimitl
 29262 | Elf:2    | Noticed a Tzitzimitl
 29487 | Elf:2    | Reached skill level 20 in Axes
 29629 | Elf:2    | Found a runed gate.
 29630 | Elf:2    | Found a runed gate.
 29633 | Elf:2    | Found a runed gate.
 29713 | Elf:2    | Found a deep blue altar of Sif Muna.
 29847 | Elf:2    | Received a gift from Okawaru
 29852 | Elf:2    | Reached XP level 17. HP: 117/164 MP: 18/18
 30013 | Elf:2    | Received a gift from Okawaru
 30308 | Elf:2    | Received a gift from Okawaru
 30315 | Elf:2    | Noticed a deep elf blademaster
 30327 | Elf:2    | Killed a deep elf blademaster
 30670 | Elf:3    | Entered Level 3 of the Elven Halls
 30781 | Elf:3    | Got a transparent chain mail
 30793 | Elf:3    | Identified the cursed +1 chain mail of the Snail {rPois} (You found it on level 3 of the Elven Halls)
 30822 | Elf:3    | Received a gift from Okawaru
 31040 | Elf:3    | Found Muemm's Weapon Boutique.
 31254 | Elf:3    | Noticed a deep elf blademaster
 31257 | Elf:3    | Noticed a deep elf blademaster
 31266 | Elf:3    | Noticed a Tzitzimitl
 31269 | Elf:3    | Killed a deep elf blademaster
 31277 | Elf:3    | Killed a deep elf blademaster
 31278 | Elf:3    | Noticed a deep elf master archer
 31279 | Elf:3    | Noticed a deep elf master archer
 31299 | Elf:3    | Received a gift from Okawaru
 32052 | Elf:3    | Killed a deep elf master archer
 32060 | Elf:3    | Killed a deep elf master archer
 32231 | Elf:3    | HP: 6/167 [acid (13)]
 32236 | Elf:2    | HP: 6/167 [poisoned by a deep elf annihilator (poison arrow)]
 32244 | Elf:2    | HP: 7/167 [poisoned by a deep elf annihilator (poison arrow)]
 32850 | Elf:3    | Received a gift from Okawaru
 32853 | Elf:3    | Noticed a Brimstone Fiend
 32969 | Elf:3    | Reached XP level 18. HP: 151/177 MP: 20/20
 33094 | Elf:3    | Received a gift from Okawaru
 33366 | Elf:3    | Gained mutation: You occasionally shout uncontrollably at your foes. [a cacodemon]
 33370 | Elf:3    | Received a gift from Okawaru
 33376 | Elf:3    | Got an ichor-stained crystal plate armour {god gift}
 33405 | Elf:3    | Identified the +0 crystal plate armour "Ulubb" {rElec rPois rF+ Int-5} (Okawaru gifted it to you on level 3 of the Elven Halls)
 33405 | Elf:3    | Lost intelligence.
 33453 | Elf:3    | Got a transparent copper ring
 33460 | Elf:3    | Got an ancient cloak
 33475 | Elf:3    | Identified the +2 cloak of Dramatic Exits {rElec rF+ Dex+5} (You found it on level 3 of the Elven Halls)
 33490 | Elf:3    | Got a brightly glowing bone ring
 33495 | Elf:3    | Identified the Disquisition on Earth and Snow
 33627 | Elf:3    | Identified the ring "Kathro" {Ice +Blink} (You took it off a deep elf mage on level 3 of the Elven Halls)
 33628 | Elf:3    | Identified the ring of the Trilobite {Ice MR- MP+9 Str+10 Int+5} (You found it on level 3 of the Elven Halls)
 33923 | Shoals:1 | Entered Level 1 of the Shoals
 34126 | Shoals:1 | Found a frozen archway.
 34138 | Shoals:1 | Reached skill level 21 in Axes
 34153 | IceCv    | Entered an ice cave
 34803 | IceCv    | Noticed an Ice Fiend
 34833 | IceCv    | Killed an Ice Fiend
 34864 | IceCv    | Got a pair of polished gloves
 34875 | IceCv    | Identified the cursed +0 pair of gloves "Xoqoowoj" {rF++ Int-4} (You found it in an ice cave)
 35303 | Shoals:1 | Found a gateway to a bazaar.
 35321 | Bazaar   | Entered a bazaar
 35339 | Bazaar   | Found Nierul's Gadget Shoppe.
 35366 | Bazaar   | Found Amurphon's Jewellery Shoppe.
 35387 | Bazaar   | Found Tuleluz's Armour Shoppe.
 35387 | Bazaar   | Found Gepeti's Book Emporium.
 35444 | Bazaar   | Bought an uncursed ring of flight for 227 gold pieces
 35464 | Bazaar   | Bought a wand of digging (15/24) for 570 gold pieces
 35501 | Bazaar   | Bought the cursed +0 buckler of Dithmenos's Delight {Regen+ Dex+2 Stlth+} for 155 gold pieces
 36278 | Shoals:2 | Found Xoelar's Jewellery Boutique.
 36392 | Shoals:2 | Received a gift from Okawaru
 37002 | Shoals:3 | Received a gift from Okawaru
 37075 | Shoals:3 | Noticed Donald
 37090 | Shoals:3 | Killed Donald
 37481 | Shoals:4 | Entered Level 4 of the Shoals
 37484 | Shoals:4 | Noticed Ilsuiw
 37809 | Shoals:4 | Received a gift from Okawaru
 37822 | Shoals:3 | Reached skill level 10 in Dodging
 37840 | Shoals:3 | Killed Ilsuiw
 38322 | Shoals:4 | Got a barnacled rune of Zot
 38441 | Shoals:4 | Got a faintly glowing plate armour
 38602 | Shoals:4 | Received a gift from Okawaru
 38694 | Shoals:4 | Reached XP level 19. HP: 188/188 MP: 21/21
 38888 | Shoals:4 | Got a faintly glowing bardiche
 39110 | Lair:4   | Identified the cursed +1 bardiche of polly's Dismemberment {chop, rElec rF+ Int+3 Stlth+} (You found it on level 4 of the Shoals)
 39126 | Lair:4   | Identified the cursed +0 plate armour "Omohu" {rPois MP+9} (You found it on level 4 of the Shoals)
 39176 | Lair:4   | Received a gift from Okawaru
 39262 | Snake:1  | Entered Level 1 of the Snake Pit
 39349 | Snake:1  | Reached skill level 5 in Throwing
 40051 | Snake:2  | Found Epliang's Armour Emporium.
 40166 | Snake:2  | Reached skill level 15 in Armour
 40188 | Snake:2  | Noticed Aizul
 40198 | Snake:2  | Killed Aizul
 40221 | Snake:2  | Noticed Saint Roka
 40245 | Snake:2  | Killed Saint Roka
 40458 | Snake:2  | Received a gift from Okawaru
 41110 | Snake:3  | Noticed Vashnia
 41125 | Snake:3  | Killed Vashnia
 41452 | Snake:3  | Reached skill level 22 in Axes
 42283 | Snake:4  | Entered Level 4 of the Snake Pit
 42283 | Snake:4  | Found a white marble altar of Elyvilon.
 42425 | Snake:4  | Reached XP level 20. HP: 190/200 MP: 22/22
 42546 | Snake:4  | Received a gift from Okawaru
 42962 | Snake:4  | Received a gift from Okawaru
 43337 | Snake:4  | Got a serpentine rune of Zot
 43902 | Slime:1  | Entered Level 1 of the Pits of Slime
 43934 | Slime:2  | Received a gift from Okawaru
 44034 | Slime:3  | Gained mutation: Potions and wands are less effective at restoring your health. [a shining eye]
 44036 | Slime:3  | Gained mutation: You expend magic power (3 MP) to strengthen your wands. [a shining eye]
 44037 | Slime:3  | Gained mutation: You are occasionally teleported next to monsters. [a shining eye]
 44049 | Slime:3  | Received a gift from Okawaru
 44057 | Slime:3  | Got a bloodstained hand axe {god gift}
 44061 | Slime:3  | Identified the +7 hand axe of polly's Action {pain, Str+4} (Okawaru gifted it to you on level 3 of the Pits of Slime)
 44247 | Slime:5  | Entered Level 5 of the Pits of Slime
 44426 | Slime:5  | Lost mutation: You have an increased reservoir of magic. (+10% MP) [a shining eye]
 44438 | Slime:4  | Lost mutation: You expend magic power (3 MP) to strengthen your wands. [potion of mutation]
 44438 | Slime:4  | Gained mutation: You have very sharp teeth. [potion of mutation]
 44438 | Slime:4  | Lost mutation: You occasionally shout uncontrollably at your foes. [potion of mutation]
 44439 | Slime:4  | Gained mutation: You tend to lose your temper in combat. [potion of mutation]
 44439 | Slime:4  | Gained mutation: You have a somewhat thin skeletal structure. (Dex +2, Stealth) [potion of mutation]
 44440 | Slime:4  | Gained mutation: Scrolls take you a little longer to read. [potion of mutation]
 44440 | Slime:4  | Gained mutation: You have a pair of large horns on your head. [potion of mutation]
 44441 | Slime:4  | Gained mutation: Your body sometimes deteriorates upon taking damage. [potion of mutation]
 44442 | Slime:4  | Lost mutation: You have a pair of large horns on your head. [potion of mutation]
 44443 | Slime:4  | Gained mutation: Scrolls take you longer to read. [potion of mutation]
 44591 | Slime:5  | Noticed the Royal Jelly
 44711 | Slime:4  | Gained mutation: You are weak. (Str -2) [mutagenic glow]
 44713 | Slime:4  | HP: 8/203 [acid blob/splash of acid (5)]
 44713 | Slime:4  | Splashed by an acid blob's acid

Skill      XL: |  1  2  3  4  5  6  7  8  9 10 11 12 13 14 15 16 17 18 19 20 |
---------------+-------------------------------------------------------------+-----
Fighting       | 4 5 6 7 9 10 11 12 13 15 16 18 19 20 21 | 21.1
Armour         | 4 5 6 7 8 10 11 12 13 14 15 | 15.6
Shields        | 4 5 6 7 8 9 10 11 12 14 16 17 18 19 20 21 | 21.2
Axes           | 3 4 5 6 7 9 11 12 14 16 17 18 19 20 21 22 | 22.8
Dodging        | 1 3 4 5 6 7 8 9 10 11 | 11.9
Stealth        | 1 2 |  2.2
Throwing       | 1 2 3 4 5 |  5.3
Invocations    | 1 2 |  2.4
Evocations     | 1 |  1.4

Action                   |  1- 3 |  4- 6 |  7- 9 | 10-12 | 13-15 | 16-18 | 19-21 || total
-------------------------+-------+-------+-------+-------+-------+-------+-------++-------
Melee: War axe           |    91 |    88 |   342 |   331 |       |       |       ||   852
       Headbutt          |     7 |     9 |    56 |   176 |   313 |   266 |   257 ||  1084
       Broad axe         |       |       |       |   494 |   382 |   996 |   664 ||  2536
       Unarmed           |       |       |       |       |     1 |       |       ||     1
       Hand axe          |       |       |       |       |   751 |       |    72 ||   823
       Bite              |       |       |       |       |       |       |     9 ||     9
Throw: Tomahawk          |       |       |       |     5 |    57 |    41 |     9 ||   112
Invok: Heroism           |       |       |       |     3 |     6 |     2 |     4 ||    15
       Finesse           |       |       |       |       |       |       |     1 ||     1
Evoke: Wand              |       |       |       |       |    12 |       |       ||    12
  Use: Scroll            |     2 |       |       |    17 |    13 |    14 |     4 ||    50
       Potion            |       |     5 |       |     7 |     5 |     6 |    11 ||    34
 Stab: Invisible         |       |       |       |     4 |       |       |       ||     4
       Distracted        |       |       |       |       |     1 |     2 |       ||     3
       Sleeping          |       |       |       |       |       |       |     3 ||     3
  Eat: Chunk             |     1 |     2 |    10 |    24 |    24 |    22 |     4 ||    87
       Royal jelly       |       |       |     1 |     1 |     8 |     2 |     1 ||    13
       Fruit             |       |       |     1 |     1 |     1 |     6 |    13 ||    22
       Bread ration      |       |       |     1 |       |       |       |       ||     1
       Pizza             |       |       |     1 |       |       |       |       ||     1
       Beef jerky        |       |       |       |     2 |       |     2 |     3 ||     7
       Meat ration       |       |       |       |     1 |       |       |       ||     1
Armor: Scale mail        |    57 |    24 |   156 |   143 |       |       |       ||   380
       Skin              |       |    44 |       |       |       |       |       ||    44
       Plate armour      |       |       |       |   270 |   176 |       |       ||   446
       Pearl dragon scal |       |       |       |       |   231 |   272 |   261 ||   764
Dodge: Dodged            |    40 |    33 |   107 |   256 |   258 |   379 |   434 ||  1507
Block: Shield            |    60 |    86 |   171 |   526 |   279 |       |       ||  1122
       Large shield      |       |       |       |       |   448 |   590 |       ||  1038
       Buckler           |       |       |       |       |       |   155 |   312 ||   467
